 Dungeon Crawl Stone Soup version 0.29-a0-284-gf9362112df (webtiles) character file.

Game seed: 3721103231173533298

3348 sammy202020 the Fighter (level 10, -4/97 HPs)
             Began as a Gargoyle Berserker on Mar 31, 2022.
             Was an Elder of Trog.
             Slain by IdlyInterested's ghost (8 damage)
             ... on level 8 of the Dungeon.
             The game lasted 00:13:36 (7325 turns).

sammy202020 the Fighter (Gargoyle Berserker)        Turns: 7325, Time: 00:13:36

Health: -4/97      AC: 20    Str: 19    XL:     10   Next: 2%
Magic:  2/10       EV:  9    Int: 13    God:    Trog [****..]
Gold:   270        SH:  0    Dex: 11    Spells: 9/9 levels left

rFire   . . .      SeeInvis .   h - +9 mace of Painful Death {vorpal, rCorr Str-3 Int+4}
rCold   . . .      Faith    .   (no shield)
rNeg    + . .      Spirit   .   m - +0 chain mail
rPois   ∞          Reflect  .   s - +0 helmet
rElec   +          Harm     .   (no cloak)
rCorr   +          Rampage  .   j - +0 pair of gloves {infuse}
Will    ++...                   (no boots)
Stlth   ..........              (no amulet)
HPRegen 1.26/turn               l - +4 ring of slaying
MPRegen 0.12/turn               (no ring)

@: berserking, strong-willed (expiring), regenerating (expiring), very quick
A: sickness immunity, AC +7, negative energy resistance 1, electricity
resistance, torment resistance 1, petrification resistance
a: Renounce Religion, Berserk, Trog's Hand, Brothers in Arms


You were on level 8 of the Dungeon.
You worshipped Trog.
Trog was greatly pleased with you.
You visited 1 branch of the dungeon, and saw 7 of its levels.
You also visited: Sewer.

You collected 408 gold pieces.
You spent 138 gold pieces at shops.

Inventory:

Hand Weapons
 a - a +0 mace
 c - the +10 trident of the Spider Nest {freeze, rF+}
   (You found it on level 2 of the Dungeon)

   It freezes those it strikes, dealing additional cold damage.
   It can also slow down cold-blooded creatures.
   rF:        It protects you from fire.
 h - the +9 mace of Painful Death (weapon) {vorpal, rCorr Str-3 Int+4}
   (You found it on level 2 of the Dungeon)

   It inflicts extra damage upon your enemies.
   Str:       It affects your strength (-3).
   Int:       It affects your intelligence (+4).
   rCorr:     It protects you from acid and corrosion.
 r - a +0 hunting sling
 x - a +5 flail of draining
Missiles
 b - 28 poisoned darts
 p - 4 boomerangs (quivered)
Armour
 j - a +0 pair of gloves of infusion (worn)
 m - a +0 chain mail (worn)
 s - a +0 helmet (worn)
 y - the +1 leather armour of the Unbroken {rElec rC+}
   (You found it on level 5 of the Dungeon)

   rC:        It protects you from cold.
   rElec:     It insulates you from electricity.
Jewellery
 l - a +4 ring of slaying (left hand)
Wands
 n - a wand of charming (2)
 q - a wand of polymorph (12)
 t - a wand of flame (20)
Scrolls
 d - 4 scrolls of blinking
 e - 4 scrolls of teleportation
 o - a scroll of immolation
 w - 2 scrolls of summoning
 C - a scroll of torment {unknown}
Potions
 f - 3 potions of cancellation
 g - 5 potions of heal wounds
 i - a potion of ambrosia
 k - a potion of curing
 u - a potion of haste
 v - a potion of flight {unknown}
 z - a potion of attraction
 A - a potion of invisibility
 B - a potion of mutation {unknown}


   Skills:
 * Level 8.4 Fighting
 * Level 7.7 Maces & Flails
 * Level 8.0 Armour
 + Level 4.3 Dodging
 + Level 3.6 Evocations


You had 9 spell levels left.
You didn't know any spells.
Your spell library was empty.

Dungeon Overview and Level Annotations

Branches:
Dungeon (6/15)             Temple (0/1) D:4            Lair (0/6) D:8
  Sewer (visited)

Altars:
Makhleb
Nemelex Xobeh
Okawaru
Qazlal
Trog
Xom
The Shining One

Shops:
D:3 *   D:4 [

Annotations:
D:8 1 transporter, IdlyInterested's ghost, novice DsFi


Innate Abilities, Weirdness & Mutations

You are immune to sickness and miasma.
Your stone body is resilient. (AC +7)
You are immune to poison.
You resist negative energy. (rN+)
You are resistant to electric shocks. (rElec)
You are resistant to unholy torment.
You are immune to petrification.


Message History

You barely miss the orc warrior. IdlyInterested's ghost hits you!
The gnoll sergeant barely misses you.
The orc warrior hits you with a +4 scimitar of flaming.
The orc warrior burns you.
* * * LOW HITPOINT WARNING * * *
You sock the orc warrior!
The orc warrior is heavily wounded.
IdlyInterested's ghost hits you!
* * * LOW HITPOINT WARNING * * *
The gnoll sergeant barely misses you.
The orc warrior hits you with a +4 scimitar of flaming!
* * * LOW HITPOINT WARNING * * *
The orc warrior burns you.
* * * LOW HITPOINT WARNING * * *
You barely miss the orc warrior. You bludgeon the orc warrior!!
You kill the orc warrior!
Trog accepts your kill.
The gnoll sergeant hits you from afar with a +0 trident of pain.
* * * LOW HITPOINT WARNING * * *
The orc warrior barely misses you. IdlyInterested's ghost hits you!
* * * LOW HITPOINT WARNING * * *
You have reached level 10!
You bludgeon the orc warrior!!
You kill the orc warrior!
Trog accepts your kill.
You feel the effects of Trog's Hand fading.
The gnoll sergeant barely misses you.
IdlyInterested's ghost crushes a nearby insect and laughs.
IdlyInterested's ghost hits you but does no damage.
Your Armour skill increases to level 8!
You barely miss IdlyInterested's ghost. You bludgeon IdlyInterested's ghost!!
IdlyInterested's ghost is heavily damaged.
The gnoll sergeant hits you but does no damage.
IdlyInterested's ghost barely misses you.
You barely miss IdlyInterested's ghost.
IdlyInterested's ghost is heavily damaged.
IdlyInterested's ghost hits you!
You die...

##..##......###...#
#...##.....####...#
####..##o###.#≈#.##..#
###.##..#.##≈...##..#..#
........#©.##.§.....#..#
.....#..#.......#...#..#
....##..##....#≈#..##..#
....##...#....y##).#...#
....###..##...gW@###...#
...[###...###.©)###....#
.##...##....#####..[.#.#
.####.##......©........#
......######.....##.##.#
.###### ##.##.##.##.# .#
#####.##.##.##.###
.########................#
..........###.####..######


You could see a moth of wrath, a gnoll sergeant and IdlyInterested's ghost.

Vanquished Creatures
  2 yaks (D:8)
  A basilisk (D:8)
  2 wyverns (D:8)
  Edmund (D:4)
  A water moccasin (D:8)
  4 orc warriors (D:8)
  2 kobold brigands (D:8)
  A bullfrog (Sewer)
  A necrophage (D:5)
  6 scorpions
  3 howler monkeys
  A jelly (D:4)
  2 hounds (D:5)
  A gnoll shaman (D:4)
  5 orc priests
  4 iguanas
  3 orc wizards
  Robin (D:4)
  3 gnolls (D:4)
  15 adders
  3 shadow imps
  2 dart slugs
  2 worms
  12 orcs
  7 ball pythons
  7 endoplasms
  9 giant cockroaches
  16 goblins
  12 hobgoblins
  3 jackals (D:4)
  17 kobolds
  8 quokkas
  6 bats
  11 frilled lizards
  8 rats
  2 bushes (D:2)
184 creatures vanquished.

Vanquished Creatures (collateral kills)
  2 yaks (D:8)
  A wyvern (D:8)
  A water moccasin (D:8)
4 creatures vanquished.

Vanquished Creatures (others)
  An endoplasm (D:2)
  3 fungi (D:8)
  14 plants
18 creatures vanquished.

Grand Total: 206 creatures vanquished

Notes
Turn   | Place    | Note
-------+----------+-------------------------------------------
     0 | D:1      | sammy202020 the Gargoyle Berserker began the quest for the
                  | Orb.
     0 | D:1      | Reached XP level 1. HP: 14/14 MP: 1/1
   833 | D:1      | Reached XP level 2. HP: 12/19 MP: 2/2
  1860 | D:1      | Found a faded altar of an unknown god.
  2000 | D:2      | Reached XP level 3. HP: 24/24 MP: 3/3
  2005 | D:2      | Identified the +10 trident of the Spider Nest {freeze, rF+}
  2411 | D:2      | Identified the +9 mace of Painful Death {vorpal, rCorr
                  | Str-3 Int+4}
  2416 | D:2      | Reached ** piety under Trog
  2566 | D:2      | Reached XP level 4. HP: 22/29 MP: 4/4
  2837 | D:3      | Found a sparkling altar of Nemelex Xobeh.
  2950 | D:3      | Noticed a scorpion
  2959 | D:3      | Killed a scorpion
  2960 | D:3      | Reached XP level 5. HP: 29/34 MP: 5/5
  3160 | D:3      | Found a stormy altar of Qazlal.
  3170 | D:3      | Found an iron altar of Okawaru.
  3172 | D:3      | Found a shimmering altar of Xom.
  3172 | D:3      | Found a burning altar of Makhleb.
  3213 | D:3      | Found a glowing drain.
  3219 | Sewer    | Entered a sewer
  3369 | Sewer    | Reached *** piety under Trog
  3425 | Sewer    | Reached XP level 6. HP: 39/39 MP: 6/6
  3947 | D:3      | Reached skill level 5 in Fighting
  3975 | D:3      | Found a glowing golden altar of the Shining One.
  3985 | D:3      | Found Byheskal's General Store.
  4156 | D:4      | Reached XP level 7. HP: 43/44 MP: 7/7
  4406 | D:4      | Found a staircase to the Ecumenical Temple.
  4448 | D:4      | Noticed Robin
  4478 | D:4      | Reached skill level 5 in Maces & Flails
  4485 | D:4      | Killed Robin
  4485 | D:4      | Reached **** piety under Trog
  4689 | D:4      | Noticed Edmund
  4698 | D:4      | Killed Edmund
  4699 | D:4      | Reached skill level 5 in Armour
  4699 | D:4      | Reached skill level 1 in Evocations
  5257 | D:4      | Found Voceak's Armour Shop.
  5263 | D:4      | Bought a +0 pair of gloves of infusion for 138 gold pieces
  5382 | D:5      | Entered Level 5 of the Dungeon
  5382 | D:5      | Found a transporter.
  5428 | D:5      | Reached XP level 8. HP: 39/51 MP: 6/8
  5441 | D:5      | Found a transporter.
  5987 | D:5      | Identified the +1 leather armour of the Unbroken {rElec
                  | rC+}
  6295 | D:6      | You fall into a shaft and drop 2 floors!
  6295 | D:8      | Noticed a yak
  6295 | D:8      | Noticed a wyvern
  6295 | D:8      | Noticed a yak
  6295 | D:8      | Noticed a yak
  6295 | D:8      | Found a staircase to the Lair.
  6296 | D:8      | Noticed a wyvern
  6297 | D:8      | Noticed a yak
  6299 | D:8      | Noticed a wyvern
  6300 | D:8      | Killed a wyvern
  6307 | D:8      | Killed a yak
  6308 | D:8      | Reached XP level 9. HP: 57/57 MP: 3/9
  6847 | D:8      | Found a transporter.
  6847 | D:8      | Noticed IdlyInterested's ghost (novice DsFi)
  6847 | D:8      | Noticed a moth of wrath
  6850 | D:8      | Found a bloodstained altar of Trog.
  7197 | D:8      | Found a transporter.
  7321 | D:8      | HP: 1/90 [IdlyInterested's ghost (7)]
  7322 | D:8      | Reached XP level 10. HP: 1/65 MP: 4/10
  7325 | D:8      | Slain by IdlyInterested's ghost

Illustrated notes

Levels and vault maps discovered:
D:1:      wander_arrival_fairy_ring, layout_loops_corners,
          basic_ecumenical_altar, minmay_splitting_lines
D:2:      layout_loops_ring, lexackson_kobold_supper
D:3:      layout_loops_cross, grunt_temple_overflow_open,
          nemelex_xobeh_ov_fountains_minmay, tso_oasis_becter,
          portal_sewer_entry_e, serial_shops, shop, chequers_garden,
          nrook_mini_vaults
D:4:      layout_basic, minmay_temple_entry_wispy, serial_shops,
          kennysheep_little_box, uniq_edmund, uniq_robin
D:5:      gammafunk_wand_slinger, layout_basic, chequers_serial_rivers_small_b,
          grunt_ministairs_8, hangedman_decor_diamond_cutter
D:6:      layout_basic
D:8:      layout_basic, minmay_lair_entry_grove,
          gammafunk_ghost_wrathful_warriors

Skill      XL: |  1  2  3  4  5  6  7  8  9 10 |
---------------+-------------------------------+-----
Dodging        | 2 3 4 |  4.3
Armour         | 3 4 5 6 7 8 |  8.0
Fighting       | 4 5 7 8 |  8.4
Maces & Flails | 4 5 6 7 |  7.7
Evocations     | 1 2 3 |  3.6

Action                   |  1- 3 |  4- 6 |  7- 9 | 10-12 || total
-------------------------+-------+-------+-------+-------++-------
Melee: Mace              |    78 |   142 |   190 |     4 ||   414
       Trident           |    16 |       |       |       ||    16
       Punch             |       |     1 |     1 |       ||     2
Throw: Boomerang         |       |       |    17 |       ||    17
Invok: Berserk           |     1 |     1 |     3 |       ||     5
       Trog's Hand       |       |       |     3 |       ||     3
       Brothers in Arms  |       |       |     1 |       ||     1
  Use: Scroll            |     5 |     3 |     7 |       ||    15
Armor: Animal skin       |    37 |       |       |       ||    37
       Scale mail        |    11 |     7 |       |       ||    18
       Chain mail        |       |    69 |   156 |     2 ||   227
Dodge: Dodged            |    64 |    50 |   124 |     2 ||   240

Table legend: (Time is in decaauts)
 A = Elapsed time spent in this place.
 B = Non-inter-level travel time spent in this place.
 C = Inter-level travel time spent in this place.
 D = Time resting spent in this place.
 E = Time spent auto-exploring this place.
 F = Levels seen in this place.
 G = Mean time per level.
                   A        B        C        D        E       F      G
               +--------+--------+--------+--------+--------+-----+--------+
         Total |   7525 |   7441 |     84 |    618 |   5358 |   8 |  940.6 |
       Dungeon |   6908 |   6824 |     84 |    597 |   4930 |   7 |  986.9 |
         Sewer |    617 |    617 |      0 |     21 |    428 |   1 |  617.0 |
               +--------+--------+--------+--------+--------+-----+--------+

Top non-repeatable levels by time:
     D:1: 2011 daAuts
     D:4: 1294 daAuts
     D:8: 1052 daAuts
     D:2: 823 daAuts
     D:5: 806 daAuts
     D:3: 802 daAuts
   Sewer: 617 daAuts
     D:6: 117 daAuts
